 Dungeon Crawl Stone Soup version 0.26-b1-32-g5d43845318 (webtiles) character file.

Game seed: 8829850204169736140

398 Borgoz the Cudgeller (level 6, -4/38 HPs)
             Began as a Gargoyle Gladiator on Jan 11, 2021.
             Killed from afar by Dowan (10 damage)
             ... with a puff of flame
             ... on level 3 of the Dungeon.
             The game lasted 00:04:29 (3373 turns).

Borgoz the Cudgeller (Gargoyle Gladiator)           Turns: 3373, Time: 00:04:29

Health: -4/38      AC: 10    Str: 17    XL:     6   Next: 83%
Magic:  6/6        EV: 13    Int:  9    God:
Gold:   198        SH:  0    Dex: 13    Spells: 5/5 levels left

rFire    . . .     SeeInvis .   a - +0 flail
rCold    . . .     Faith    .   (no shield)
rNeg     + . .     Spirit   .   b - +0 leather armour
rPois    ∞         Reflect  .   c - +1 helmet
rElec    +         Harm     .   (no cloak)
rCorr    .         Rampage  .   i - +0 pair of gloves
Will     .....                  (no boots)
Stlth    +.........             (no amulet)
HPRegen  0.12/turn              (no ring)
MPRegen  0.10/turn              (no ring)

@: no status effects
A: negative energy resistance 1, electricity resistance, unbreathing,
petrification resistance, miasma immunity, AC +4
a: no special abilities


You were on level 3 of the Dungeon.
You visited 1 branch of the dungeon, and saw 4 of its levels.

You collected 198 gold pieces.

Inventory:

Hand Weapons
 a - a +0 flail (weapon)
Missiles
 d - 3 throwing nets (quivered)
Armour
 b - a +0 leather armour (worn)
 c - a +1 helmet (worn)
 i - a +0 pair of gloves (worn)
Jewellery
 e - an uncursed ring of ice
Scrolls
 f - a scroll of blinking
 h - 3 scrolls of remove curse
 p - a scroll of fear
Potions
 g - 2 potions of curing
 j - a potion of invisibility
 k - a potion of might
 l - 2 potions of flight
 m - a potion of haste


   Skills:
 + Level 3.9 Fighting
 * Level 5.1 Maces & Flails
 - Level 1.7 Throwing
 - Level 0.1 Armour
 * Level 4.3 Dodging


You had 5 spell levels left.
You didn't know any spells.
Your spell library was empty.

Dungeon Overview and Level Annotations

Branches:
Dungeon (4/15)
 Temple: D:4-7

Altars:
Ashenzari
Zin

Annotations:
D:3 Dowan


Innate Abilities, Weirdness & Mutations

You are resistant to torment.
Your stone body is resilient. (AC +4)
You are immune to poison.
You resist negative energy. (rN+)
You are resistant to electric shocks. (rElec)
You can survive without breathing.
You are immune to petrification.
You are immune to miasma.


Message History

Aim: Dowan, wielding a +0 dagger, wearing a +0 robe and carrying a wand of flame (12) (moderately wounded, fast)
You throw a throwing net. The throwing net hits Dowan.
Dowan is caught in the net!
Dowan is moderately wounded.
Dowan struggles against the net.
You sock Dowan!
Dowan is heavily wounded.
Dowan struggles against the net.
Dowan zaps a wand.
The puff of flame hits you but does no damage.
Dowan struggles against the net.
You hit Dowan.
Dowan is severely wounded.
Dowan struggles against the net.
The net rips apart, and Dowan comes free!
You barely miss Dowan.
Dowan is severely wounded.
Dowan zaps a wand.
The puff of flame hits you.
* * * LOW HITPOINT WARNING * * *
Dowan zaps a wand.
The puff of flame hits you!
You die...

##.......#.#.....#
###
##.####..#...#...#
#..
##.#..#..###.#...#
#.. ##.#..#.##
#.##..# #..
##.#..#.# #.....#
#.. ...#<.#.#
####..# #..
#####.#.# #####.#
### ......#.#
#...e.# #######.#
#....@# .......)#
#.....# #########
#.....# #.....# ##
###'### .# #.# .#
#####.# .# #...#.#
.# ####.#.#.#


You could see Dowan (fast).

Vanquished Creatures
  Duvessa (D:4)
  An orc priest (D:3)
  2 orc wizards (D:3)
  A centaur skeleton (D:4)
  8 adders
  A white imp (D:2)
  2 oozes
  5 worms
  6 dart slugs
  3 leopard geckos
  An orc (D:3)
  5 bats
  A giant cockroach (D:2)
  5 goblins
  10 hobgoblins
  3 jackals (D:2)
  3 quokkas
  2 frilled lizards (D:3)
  6 kobolds
  11 rats
77 creatures vanquished.

Vanquished Creatures (others)
  A quokka (D:3)
  A bat (D:3)
2 creatures vanquished.

Grand Total: 79 creatures vanquished

Notes
Turn   | Place    | Note
-------+----------+-------------------------------------------
     0 | D:1      | Borgoz the Gargoyle Gladiator began the quest for the Orb.
     0 | D:1      | Reached XP level 1. HP: 12/12 MP: 1/1
   289 | D:1      | Reached XP level 2. HP: 18/18 MP: 2/2
   801 | D:2      | Reached XP level 3. HP: 18/22 MP: 3/3
  1370 | D:2      | Reached XP level 4. HP: 27/27 MP: 4/4
  1798 | D:2      | Reached skill level 4 in Maces & Flails
  2057 | D:2      | Found a broken altar of Ashenzari.
  2235 | D:3      | Reached XP level 5. HP: 18/32 MP: 5/5
  2241 | D:3      | Found a glowing silver altar of Zin.
  2310 | D:3      | Reached XP level 6. HP: 13/37 MP: 6/6
  2643 | D:3      | Found a faded altar of an unknown god.
  3158 | D:4      | Noticed Duvessa
  3160 | D:4      | Noticed Dowan
  3176 | D:4      | Killed Duvessa
  3177 | D:4      | Reached skill level 5 in Maces & Flails
  3373 | D:3      | Killed from afar by Dowan

Illustrated notes

Levels and vault maps discovered:
D:1:      eino_arrival_tree_alley, layout_rooms
D:2:      layout_loops_ring, ashenzari_conservatory_becter, minmay_surrounded
D:3:      layout_basic, nicolae_overflow_crystal_walls,
          chequers_ecumenical_altar_island
D:4:      layout_cave_pools, serial_shops, nicolae_shop_waterfront, shop,
          nicolae_shop_statue_plus, shop, minmay_door_square,
          serial_bayou_pond_d, minmay_statues_item,
          nicolae_dithmenos_through_a_glass_darkly, uniq_duvessa

Skill      XL: |  1  2  3  4  5  6 |
---------------+-------------------+-----
Dodging        | 3 4 |  4.3
Fighting       | 3 |  3.9
Maces & Flails | 4 5 |  5.1
Throwing       | |  1.7
Armour         | |  0.1

Action                   |  1- 3 |  4- 6 || total
-------------------------+-------+-------++-------
Melee: Flail             |   112 |   155 ||   267
Throw: Throwing net      |       |     1 ||     1
  Use: Scroll            |       |    11 ||    11
       Potion            |       |     2 ||     2
 Stab: Invisible         |       |     1 ||     1
Armor: Leather armour    |    57 |    65 ||   122
Dodge: Dodged            |    87 |   131 ||   218
